AoeStats
← Seeker

MegaRandom

507614631Analyzed
4v4 RM · 13d ago on Sep 19, 2026· 64m 17s· 8 players
Game mode
Random Map
Map size
Large (8 player)
Population
200
Speed
Normal
Resources
Standard
Victory
Conquest
Starting age
Dark Age
Ending age
Imperial Age
RankedLock teamsTeams togetherTeam positionsShared explorationLock speedFull tech treeHidden civsTurbo modeCheats
Victory
Defeat
🇨🇱 Vietnamese · Chile
1166
+12
🇺🇸 Malians · United States
1116
+14
🇧🇷 Celts · Brazil
1089
+15
🇵🇪 Bohemians · Peru
1071
+16
🇨🇱 Bohemians · Chile
1127
-17
🇨🇱 Mapuche · Chile
1086
-15
🇨🇱 Malians · Chile
1064
-14
🇨🇱 Vietnamese · Chile
995
-11
PATRIOTSFAN323
11:07 Feudal Age
17:00 Castle Age
18:48 Forging
18:46 Scale Barding Armor
18:34 Loom
22:44 Iron Casting
26:04 Arson
36:35 Imperial Age
36:14 Wheelbarrow
42:33 Chain Barding Armor
45:22 Cavalier
46:14 Bloodlines
46:04 Husbandry
51:42 Hand Cart
52:14 Gold Mining
52:15 Stone Mining
56:57 Hand Cart
63:30 Plate Barding Armor
ohlawdhecomin
12:01 Feudal Age
11:33 Loom
13:43 Wheelbarrow
12:51 Horse Collar
12:58 Double-Bit Axe
20:15 Castle Age
19:08 Gold Mining
19:11 Man-at-Arms
20:10 Scale Mail Armor
20:23 Long Swordsman
20:45 Pikeman
22:44 Bow Saw
24:47 Town Watch
32:12 Forging
38:29 Imperial Age
39:59 Gold Shaft Mining
38:46 Two-Handed Swordsman
39:12 Gambesons
39:00 Capped Ram
40:14 Heavy Plow
40:08 Champion
41:20 Champion
41:20 Halberdier
41:38 Onager
41:39 Heavy Scorpion
Dylan-23
2:20 Loom
13:37 Feudal Age
18:37 Castle Age
21:23 Double-Bit Axe
27:18 Fletching
31:56 Wheelbarrow
31:08 Town Watch
35:26 Ballistics
39:25 Imperial Age
39:24 Hand Cart
39:09 Town Patrol
40:15 Bow Saw
40:12 Elite Hussite Wagon
41:09 Wagenburg Tactics
49:30 Conscription
50:58 Two-Man Saw
50:28 Siege Engineers
51:24 Chemistry
51:00 Bodkin Arrow
59:25 Forging
59:15 Scale Mail Armor
59:20 Scale Barding Armor
61:20 Iron Casting
60:55 Husbandry
60:16 Cavalier
65:17 Blast Furnace
64:37 Chain Barding Armor
Chelowolf
2:54 Loom
9:37 Feudal Age
12:44 Fletching
29:32 Castle Age
30:43 Stone Mining
34:22 Elite Skirmisher
40:28 Husbandry
49:50 Imperial Age
52:34 Wheelbarrow
55:37 Bloodlines
59:35 Chemistry
58:56 Ballistics
59:39 Scale Barding Armor
61:00 Bodkin Arrow
61:52 Bracer
63:37 Chatras
64:00 Paper Money
63:35 Light Cavalry
Seeker
7:05 Loom
11:45 Feudal Age
16:20 Castle Age
15:57 Double-Bit Axe
21:18 Bow Saw
23:47 Horse Collar
24:26 Stone Mining
26:26 Stone Shaft Mining
35:38 Malon
35:17 Elite Skirmisher
Aagler
3:50 Loom
11:58 Feudal Age
14:41 Town Watch
18:27 Castle Age
17:42 Fletching
32:17 Double-Bit Axe
44:26 Forging
44:18 Scale Mail Armor
44:14 Bodkin Arrow
45:00 Squires
48:07 Wheelbarrow
50:37 Imperial Age
51:28 Bloodlines
51:18 Husbandry
50:40 Light Cavalry
51:24 Farimba
51:12 Horse Collar
53:14 Scale Barding Armor
53:45 Iron Casting
53:26 Chain Mail Armor
54:55 Chain Barding Armor
60:48 Chemistry
61:35 Masonry
61:06 Treadmill Crane
PotroLeyan
4:08 Loom
11:38 Feudal Age
21:52 Castle Age
19:46 Double-Bit Axe
19:43 Horse Collar
61:24 Imperial Age
62:52 Imperial Age
60:27 Caravan
61:16 Heavy Plow
63:14 Onager
LA BANANA MECANICA
10:49 Feudal Age
11:18 Loom
15:16 Castle Age
13:21 Double-Bit Axe
16:53 Wheelbarrow
17:29 Bow Saw
18:03 Horse Collar
24:12 Pikeman
25:56 Padded Archer Armor
26:36 Hand Cart
26:06 Town Watch
27:41 Chemistry
26:11 Pikeman
27:03 Forging
27:30 Fervor
27:23 Town Patrol
28:29 Squires
32:00 Imperial Age
30:10 Scale Mail Armor
32:58 Halberdier
35:02 Houfnice
41:39 Conscription
44:53 Iron Casting
44:34 Chain Mail Armor
44:35 Leather Archer Armor
44:10 Fletching
45:40 Elite Hussite Wagon
51:39 Elite Skirmisher
52:32 Caravan
56:10 Husbandry
57:50 Bodkin Arrow
58:56 Blast Furnace
59:30 Light Cavalry
Connection lost

Rejoining the realm…

Still unreachable

The connection could not be restored.

Session expired

The server has moved on; the page needs a fresh start.